AoeStats
← tosho_naldjiev

Hideout

508226865Analyzed
1v1 RM · 10d ago on Sep 21, 2026· 36m 40s· 2 players
Game mode
Random Map
Map size
Tiny (2 player)
Population
200
Speed
Normal
Resources
Standard
Victory
Conquest
Starting age
Dark Age
Ending age
Imperial Age
RankedLock teamsTeams togetherTeam positionsShared explorationLock speedFull tech treeHidden civsTurbo modeCheats
Victory
Defeat
🇧🇬 Bulgarians · Bulgaria
764
+15
🇮🇳 Slavs · India
745
-15
nilendra.sinha
5:15 Loom
11:57 Feudal Age
12:32 Horse Collar
15:22 Forging
16:13 Wheelbarrow
16:10 Scale Barding Armor
21:54 Castle Age
19:42 Double-Bit Axe
21:34 Gold Mining
21:48 Scale Mail Armor
22:01 Bloodlines
23:21 Stone Mining
24:05 Heavy Plow
25:23 Gold Shaft Mining
26:35 Hand Cart
28:39 Town Watch
29:32 Pikeman
31:13 Chain Barding Armor
33:00 Detinets
34:41 Chain Mail Armor
35:02 Iron Casting
34:29 Padded Archer Armor
34:20 Fletching
39:01 Imperial Age
tosho_naldjiev
9:59 Feudal Age
19:33 Castle Age
19:58 Double-Bit Axe
22:41 Wheelbarrow
26:42 Bow Saw
29:28 Squires
31:56 Pikeman
36:33 Imperial Age
36:41 Gold Mining
36:42 Stone Mining
37:36 Conscription
Connection lost

Rejoining the realm…

Still unreachable

The connection could not be restored.

Session expired

The server has moved on; the page needs a fresh start.